 Dungeon Crawl Stone Soup version 0.30.1-9-gdf580d7c3d (webtiles) character file.

Game seed: 15841365358167259304

76632 Dillybarz the Severer (level 15, -3/141 HPs)
             Began as a Minotaur Fighter on Sept 26, 2023.
             Was a High Priest of Okawaru.
             Slain by a manticore (7 damage)
             ... summoned by Kirke
             ... on level 14 of the Dungeon on Sept 29, 2023.
             The game lasted 01:56:15 (25781 turns).

Dillybarz the Severer (Minotaur Fighter)           Turns: 25781, Time: 01:56:16

Health: -3/141     AC:  0    Str: 24    XL:     15   Next: 13%
Magic:  18/18      EV: 13    Int:  7    God:    Okawaru [*****.]
Gold:   1725       SH:  5    Dex: 12    Spells: 14/14 levels left

rFire   . . .        y - melded +2 broad axe (flame)
rCold   . . .        S - melded +1 tower shield of Weightlessness {rElec rN+ rCorr Stlth+}
rNeg    . . .        X - melded +4 plate armour {rF+}
rPois   .            (helmet currently unavailable)
rElec   .            p - melded +1 cloak
rCorr   .            c - melded +0 pair of gloves
SInv    .            W - melded +2 pair of boots {Fly}
Will    +....        B - amulet of reflection
Stlth   +            h - melded ring of see invisible
HPRegen 0.43/turn    o - melded +5 ring of evasion
MPRegen 0.16/turn

%: reflection
@: pig-form, slowed
A: fast, no casting, small, (horns 2), (retaliatory headbutt)
a: Renounce Religion, Heroism, Finesse, Duel


You were on level 14 of the Dungeon.
You worshipped Okawaru.
Okawaru was extremely pleased with you.
You were a filthy swine.
You visited 3 branches of the dungeon, and saw 20 of its levels.
You also visited: Sewer, Bailey and Volcano.

You collected 2183 gold pieces.
You spent 458 gold pieces at shops.

Inventory:

Hand Weapons
 y - a +2 broad axe of flaming (melded)
Missiles
 g - 21 poisoned darts
 j - 174 stones
 n - 10 boomerangs
 C - 3 boomerangs of dispersal
 D - 6 javelins
 J - 10 throwing nets
 P - 2 datura-tipped darts
 T - 2 curare-tipped darts
 Y - 2 silver javelins
Armour
 c - a +0 pair of gloves (melded)
 p - a +1 cloak (melded)
 S - the +1 tower shield of Weightlessness (melded) {rElec rN+ rCorr Stlth+}
   (Okawaru gifted it to you on level 4 of the Lair of Beasts)

   rElec:     It insulates you from electricity.
   rN:        It protects you from negative energy.
   rCorr:     It protects you from acid and corrosion.
   Stlth:     It makes you more stealthy.
 W - a +2 pair of boots of flying (melded)
 X - a +4 plate armour of fire resistance (melded)
Jewellery
 b - an amulet of magic regeneration
 h - a ring of see invisible (melded)
 o - a +5 ring of evasion (melded)
 B - an amulet of reflection (around neck)
 O - a ring of poison resistance
Wands
 l - a wand of light (19)
 w - a wand of polymorph (3)
 x - a wand of mindburst (19)
 E - a wand of flame (51)
 H - a wand of roots (19)
 I - a wand of digging (9)
Scrolls
 f - 12 scrolls of teleportation
 k - 7 scrolls of blinking
 s - 3 scrolls of fear
 u - 4 scrolls of fog
 v - 4 scrolls of magic mapping
 M - 8 scrolls of identify
 U - a scroll of vulnerability
 V - 2 scrolls of amnesia
Potions
 a - a potion of magic {unknown}
 d - 4 potions of might
 e - 3 potions of attraction
 i - 3 potions of flight
 m - 6 potions of lignification
 q - a potion of haste {unknown}
 r - 3 potions of resistance
 t - 2 potions of invisibility
 z - 4 potions of curing
 A - 4 potions of heal wounds
 F - 3 potions of berserk rage
 K - 3 potions of ambrosia
 Q - a potion of mutation
Miscellaneous
 L - a condenser vane


   Skills:
 + Level 15.0 Fighting
 - Level 18.0 Axes
 - Level 5.0 Throwing
 + Level 15.0 Armour
 + Level 15.1 Shields
 + Level 6.4 Invocations


You had 14 spell levels left.
You didn't know any spells.
Your spell library contained the following spells:

 Spells                   Type           Power      Damage    Failure   Level
 Apportation              Tloc           0%         N/A       43%         1
 Freeze                   Ice            0%         1d3       43%         1
 Kiss of Death            Conj/Necr      0%         2d5       43%         1
 Necrotise                Necr           0%         1d4       43%         1
 Cigotuvi's Dreadful Rot  Necr/Pois/Air  0%         N/A       56%         2
 Ensorcelled Hibernation  Hex/Ice        0%         N/A       56%         2
 Static Discharge         Conj/Air       0%         2-2/arc   56%         2
 Sublimation of Blood     Necr           0%         N/A       56%         2
 Confusing Touch          Hex            0%         N/A       80%         3
 Dazzling Flash           Conj/Hex       0%         N/A       80%         3
 Frozen Ramparts          Ice            0%         1d1       80%         3
 Hailstorm                Conj/Ice       0%         3d3       80%         3
 Ignite Poison            Fire/Tmut/Pois 0%         N/A       80%         3
 Inner Flame              Hex/Fire       0%         N/A       80%         3
 Vampiric Draining        Necr           0%         2d6       80%         3
 Volatile Blastmotes      Fire/Tloc      0%         2d10      80%         3
 Airstrike                Air            0%         2d(0-16)  99%         4
 Dispel Undead            Necr           0%         3d6       99%         4
 Flame Wave               Conj/Fire      0%         2d4       99%         4
 Ice Form                 Ice/Tmut       0%         N/A       99%         4
 Petrify                  Tmut/Erth      0%         N/A       99%         4
 Sticky Flame             Conj/Fire      0%         2d3       99%         4
 Agony                    Necr           0%         N/A       100%        5
 Freezing Cloud           Conj/Ice/Air   0%         6-21      100%        5
 Irradiate                Conj/Tmut      0%         3d11      100%        5
 Metabolic Englaciation   Hex/Ice        0%         N/A       100%        5
 Statue Form              Tmut/Erth      0%         N/A       100%        6
 Orb of Destruction       Conj           0%         9d5       100%        7
 Summon Guardian Golem    Hex/Summ       Unusable   N/A       N/A         3
 Animate Armour           Summ/Erth      Unusable   N/A       N/A         4
 Summon Ice Beast         Ice/Summ       Unusable   N/A       N/A         4
 Summon Lightning Spire   Summ/Air       Unusable   N/A       N/A         4
 Summon Cactus Giant      Summ           Unusable   N/A       N/A         6
 Spellforged Servitor     Conj/Summ      Unusable   N/A       N/A         7
 Summon Horrible Things   Summ           Unusable   N/A       N/A         8

Dungeon Overview and Level Annotations

Branches:
Dungeon (14/15)            Temple (1/1) D:6            Lair (5/5) D:11
  Swamp (0/4) Lair:2        Snake (0/4) Lair:3        Slime (0/5) Lair:5
    Orc (0/2) D:11         Vaults (0/5) D:13          Sewer (visited)
 Bailey (visited)         Volcano (visited)

Altars:
Ashenzari
Cheibriados
Dithmenos
Elyvilon
Fedhas
Gozag
Hepliaklqana
Kikubaaqudgha
Makhleb
Nemelex Xobeh
Okawaru
Qazlal
Ru
Sif Muna
Trog
Uskayaw
Vehumet
Wu Jian
Xom
Yredelemnul
Zin
The Shining One
Jiyva

Shops:
D:7 !   D:9 *   D:11 :?

Annotations:
D:14 Kirke
Lair:4 3 runed translucent doors, Umouhaan's ghost, journeyman MiFi


Innate Abilities, Weirdness & Mutations

You are a filthy swine.
You move quickly.
Your equipment is almost entirely melded.
You are incapable of wielding weapons or throwing items.
You cannot cast spells.
((You have a pair of horns on your head.))
((You reflexively headbutt those who attack you in melee.))


Message History

You turn into a filthy swine.
Your +2 broad axe of flaming melds into your body.
Your +1 cloak melds into your body.
Your +0 pair of gloves melds into your body.
Your +2 pair of boots of flying melds into your body.
The +1 tower shield of Weightlessness {rElec rN+ rCorr Stlth+} melds into your body.
Your +4 plate armour of fire resistance melds into your body.
Your ring of see invisible melds into your body.
Your +5 ring of evasion melds into your body.
Your +2 broad axe of flaming stops flaming.
You float gracefully downwards.
You feel less resistant to fire. The lindwurm bites you!
The lindwurm barely misses you. The lindwurm claws you.
Kirke gestures at you while chanting.
You struggle to resist.
The manticore bites you! The manticore claws you! x2
You hit Kirke.
Kirke is moderately wounded.
The lindwurm bites you! The lindwurm claws you! The lindwurm claws you.
You block the hog's attack. The manticore closely misses you. x2
The manticore completely misses you. Kirke hits you!
* * * LOW HITPOINT WARNING * * *
The hog attacks as you move away! The hog bites you.
* * * LOW HITPOINT WARNING * * *
The lindwurm closely misses you. The lindwurm claws you.
* * * LOW HITPOINT WARNING * * *
The lindwurm misses you.
Kirke mumbles some strange words.
Kirke flickers and vanishes!
Deactivating autopickup; reactivate with Ctrl-A.
The lindwurm attacks as you move away! The lindwurm barely misses you.
The lindwurm misses you. The lindwurm claws you!
* * * LOW HITPOINT WARNING * * *
The hog attacks as you move away! The hog bites you.
* * * LOW HITPOINT WARNING * * *
The hog bites you!
* * * LOW HITPOINT WARNING * * *
You see here a hog corpse.
The manticore attacks as you move away! The manticore bites you!
* * * LOW HITPOINT WARNING * * *
The manticore claws you!
You die...

......... .......# .........
.......#
......#########......#
......#.......#......#
......#.......#......#
......#.......#......#
......#.......#......#
......#.......#khH...#
......####'####.h....####+#.
#####.......................
....#.......................
....#.......................
....'.......................
#####...........###'''###..
...............##≈≈...≈≈##
..............##≈≈§...≈≈§##
.............##≈≈≈.≈.≈§≈§≈##


You could see a manticore (summoned), a lindwurm (summoned) and a hog.

Vanquished Creatures
  3 catoblepae
  4 hydras
  4 centaur warriors
  2 dancing weapons (D:13)
  7 boulder beetles
  6 two-headed ogres
  A tengu warrior (D:14)
  6 death yaks (Lair:5)
  A hell hog (Volcano)
  A deep troll shaman (Lair:5)
  4 skysharks
  Amaemon (Lair:1)
  A fire crab (Volcano)
  5 skeletal warriors (D:14)
  2 lindwurms (Lair:5)
  Pikel (D:8)
  A deep elf pyromancer (D:14)
  7 ugly things
  6 manticores
  A cyclops (D:14)
  14 elephants
  6 black mambas
  3 slime creatures (D:12)
  A guardian serpent (D:11)
  2 molten gargoyles (Volcano)
  An orange demon (Lair:1)
  Joseph (D:8)
  A cane toad (shapeshifter) (D:10)
  12 cane toads
  4 komodo dragons
  2 kobold demonologists (D:11)
  4 rime drakes
  3 tengu conjurers
  2 tyrant leeches (Lair:2)
  5 polar bears
  8 trolls
  11 blink frogs
  A spriggan (Lair:1)
  A centaur simulacrum (D:10)
  48 yaks
  2 shadows
  4 wyverns
  4 basilisks
  11 fire bats (Volcano)
  A steam dragon (D:10)
  4 hogs (D:14)
  7 vampire mosquitoes
  Grum (Bailey)
  An acid dragon (D:8)
  2 nagas (Lair:3)
  A hell hound (Volcano)
  A swamp worm (Lair:2)
  11 water moccasins
  3 orc warriors
  3 black bears
  2 ice beasts
  5 ogres
  32 wolves
  7 centaurs
  A phantom (D:6)
  A lemure (D:8)
  3 kobold brigands
  5 bullfrogs
  14 gnoll sergeants
  4 scorpions
  8 wights
  5 killer bees (D:5)
  4 howler monkeys
  8 lava snakes
  4 hounds
  6 gnoll boudas (Bailey)
  3 orc priests
  2 jellies
  2 iguanas (D:7)
  4 sleepcaps
  13 orc wizards
  20 gnolls
  10 adders
  2 shadow imps
  3 white imps (D:10)
  4 ufetubi
  5 worms
  4 dart slugs
  22 orcs
  10 endoplasms
  17 giant cockroaches
  6 goblins
  11 hobgoblins
  7 jackals
  11 kobolds
  4 quokkas
  13 ball pythons
  7 bats
  13 frilled lizards
  7 rats
559 creatures vanquished.

Vanquished Creatures (others)
  Psyche (D:8)
  A tengu conjurer (D:13)
  A kobold brigand (D:8)
  2 kobolds (D:8)
5 creatures vanquished.

Grand Total: 564 creatures vanquished

Notes
Turn   | Place    | Note
-------+----------+-------------------------------------------
     0 | D:1      | Dillybarz the Minotaur Fighter began the quest for the Orb.
     0 | D:1      | Reached XP level 1. HP: 19/19 MP: 0/0
   146 | D:1      | Reached XP level 2. HP: 27/27 MP: 1/1
   369 | D:1      | Reached skill level 3 in Axes
   690 | D:1      | Reached XP level 3. HP: 33/33 MP: 2/2
  1005 | D:2      | Found a faded altar of an unknown god.
  1258 | D:2      | Reached XP level 4. HP: 30/40 MP: 3/3
  1668 | D:3      | Noticed a centaur
  1866 | D:3      | Reached skill level 4 in Axes
  1877 | D:3      | Killed a centaur
  1878 | D:3      | Reached XP level 5. HP: 25/47 MP: 4/4
  2432 | D:4      | Identified the +0 sling of Maddaitt {drain, rPois Str+6
                  | Int+3 Dex-4 Stlth+}
  2551 | D:4      | Reached skill level 5 in Axes
  2559 | D:4      | Got the Disquisition on Summoned Coordinates
  2682 | D:4      | Reached skill level 5 in Shields
  2682 | D:4      | Reached XP level 6. HP: 55/55 MP: 5/5
  3187 | D:5      | Entered Level 5 of the Dungeon
  3211 | D:5      | Reached skill level 5 in Fighting
  3211 | D:5      | Reached skill level 5 in Armour
  3224 | D:5      | Reached skill level 6 in Axes
  3224 | D:5      | Reached XP level 7. HP: 45/61 MP: 6/6
  3508 | D:5      | Found a glowing drain.
  3527 | Sewer    | Entered a sewer
  4165 | D:5      | Found a shadowy altar of Dithmenos.
  4186 | D:5      | Found an ornate altar of the Wu Jian Council.
  4326 | D:5      | Reached skill level 7 in Axes
  4651 | D:6      | Reached XP level 8. HP: 60/70 MP: 7/7
  4773 | D:6      | Noticed a troll
  4784 | D:6      | Killed a troll
  4902 | D:6      | Reached skill level 8 in Axes
  5242 | D:6      | Found a staircase to the Ecumenical Temple.
  5313 | Temple   | Entered the Ecumenical Temple
  5328 | Temple   | Became a worshipper of Warmaster Okawaru
  5948 | D:7      | Found Jeqecs's Distillery.
  6178 | D:7      | Reached * piety under Okawaru
  6179 | D:7      | Reached skill level 9 in Axes
  6258 | D:7      | Reached XP level 9. HP: 79/79 MP: 8/8
  6490 | D:7      | Reached ** piety under Okawaru
  7159 | D:8      | Reached skill level 10 in Axes
  7159 | D:8      | Reached skill level 1 in Invocations
  7212 | D:8      | Found a flagged portal.
  7223 | Bailey   | Entered a bailey
  7757 | Bailey   | Reached *** piety under Okawaru
  7783 | Bailey   | Reached XP level 10. HP: 70/90 MP: 10/10
  7783 | Bailey   | Identified the +6 great mace "Ononessi" {flame, rPois rC+
                  | Will+ rCorr}
  7783 | Bailey   | Noticed Grum
  7793 | Bailey   | Killed Grum
  7794 | Bailey   | Reached skill level 11 in Axes
  8384 | D:8      | Noticed Psyche
  8394 | D:8      | Noticed a purple ugly thing
  8415 | D:8      | Killed Psyche
  8471 | D:8      | Killed a purple ugly thing
  8547 | D:8      | Noticed Joseph
  8558 | D:8      | Killed Joseph
  8558 | D:8      | Reached **** piety under Okawaru
  8575 | D:8      | Noticed Pikel
  8584 | D:8      | Killed Pikel
  9560 | D:9      | Reached skill level 12 in Axes
  9791 | D:9      | Found Idusaav's Assorted Antiques.
  9904 | D:9      | Reached ***** piety under Okawaru
 10498 | D:9      | Bought a scroll labelled NUPNAR DEITWECU for 28 gold pieces
 10498 | D:9      | Bought a scroll of blinking for 210 gold pieces
 10686 | D:10     | Entered Level 10 of the Dungeon
 10693 | D:10     | Noticed a two-headed ogre
 10694 | D:10     | Reached XP level 11. HP: 97/97 MP: 13/13
 10703 | D:10     | Killed a two-headed ogre
 10765 | D:10     | Noticed a centaur warrior
 10782 | D:10     | Killed a centaur warrior
 10788 | D:10     | Reached skill level 10 in Shields
 11034 | D:10     | Reached skill level 13 in Axes
 11060 | D:10     | Noticed a two-headed ogre
 11066 | D:10     | Killed a two-headed ogre
 11067 | D:10     | Reached skill level 5 in Invocations
 11132 | D:10     | Reached skill level 10 in Fighting
 11178 | D:10     | Received a gift from Okawaru
 11179 | D:10     | Reached skill level 10 in Armour
 11501 | D:10     | Noticed a centaur warrior
 11504 | D:10     | Noticed a catoblepas
 11516 | D:10     | Killed a centaur warrior
 11815 | D:10     | Killed a catoblepas
 12074 | D:10     | Identified the +5 rapier "Wilew" {flame, rPois rF+ Will+
                  | Stlth+}
 12094 | D:10     | Got the Catalogue of the Fateful Gang
 12120 | D:10     | Noticed a centaur warrior
 12121 | D:10     | Noticed a two-headed ogre
 12126 | D:10     | Noticed a two-headed ogre
 12184 | D:10     | Killed a two-headed ogre
 12185 | D:10     | Reached skill level 14 in Axes
 12349 | D:10     | Killed a two-headed ogre
 12558 | D:10     | Reached XP level 12. HP: 43/108 MP: 14/14
 12764 | D:10     | Killed a centaur warrior
 12901 | D:10     | Found a glowing silver altar of Zin.
 13035 | D:10     | Found an opulent altar of Gozag.
 13252 | D:10     | Noticed a two-headed ogre
 13265 | D:10     | Killed a two-headed ogre
 13265 | D:10     | Reached ****** piety under Okawaru
 13265 | D:10     | Identified the +0 robe of Zoom {Dex+7} (Okawaru gifted it
                  | to you on level 10 of the Dungeon)
 13265 | D:10     | Received a gift from Okawaru
 13811 | D:10     | Found a glowing golden altar of the Shining One.
 13811 | D:10     | Found a burning altar of Makhleb.
 14258 | D:11     | Found a staircase to the Orcish Mines.
 14297 | D:11     | Reached skill level 15 in Axes
 14447 | D:11     | Found Qagitic's Book Emporium.
 14522 | D:11     | Found Apturol's Magic Scroll Shoppe.
 14526 | D:11     | Bought a scroll of enchant weapon for 97 gold pieces
 14526 | D:11     | Bought a scroll of brand weapon for 123 gold pieces
 14532 | D:11     | Noticed a boulder beetle
 14547 | D:11     | Killed a boulder beetle
 15149 | D:11     | Found a staircase to the Lair.
 15351 | Lair:1   | Entered Level 1 of the Lair of Beasts
 15582 | Lair:1   | Noticed Amaemon
 15596 | Lair:1   | Killed Amaemon
 15599 | Lair:1   | Identified the +1 animal skin of the Merchant {+Inv rPois
                  | rC+ Dex+2} (Okawaru gifted it to you on level 1 of the Lair
                  | of Beasts)
 15599 | Lair:1   | Received a gift from Okawaru
 15709 | Lair:1   | Reached skill level 16 in Axes
 16056 | Lair:1   | You fall into a shaft and drop 1 floor!
 16268 | Lair:1   | Reached XP level 13. HP: 118/118 MP: 12/15
 17411 | Lair:2   | Found a staircase to the Swamp.
 18144 | Lair:3   | Reached skill level 17 in Axes
 18150 | Lair:3   | Received a gift from Okawaru
 18522 | Lair:3   | Found a staircase to the Snake Pit.
 18938 | Lair:4   | Found a runed translucent gate.
 18939 | Lair:4   | Found a runed translucent gate.
 18939 | Lair:4   | Found a runed translucent gate.
 18980 | Lair:4   | Reached skill level 1 in Throwing
 19209 | Lair:4   | Identified the +1 tower shield of Weightlessness {rElec rN+
                  | rCorr Stlth+} (Okawaru gifted it to you on level 4 of the
                  | Lair of Beasts)
 19209 | Lair:4   | Received a gift from Okawaru
 19436 | Lair:4   | Noticed Umouhaan's ghost (journeyman MiFi)
 20037 | Lair:5   | Entered Level 5 of the Lair of Beasts
 20126 | Lair:5   | Found a dark tunnel.
 20135 | Volcano  | Entered a volcano
 20770 | Volcano  | Found a radiant altar of Vehumet.
 20777 | Volcano  | Reached XP level 14. HP: 129/129 MP: 16/16
 20890 | Volcano  | Reached skill level 18 in Axes
 21432 | Lair:5   | Found a staircase to the Slime Pits.
 21432 | Lair:5   | Found a viscous altar of Jiyva.
 21568 | Lair:5   | Received a gift from Okawaru
 21660 | Lair:5   | Received a gift from Okawaru
 21730 | Lair:5   | Received a gift from Okawaru
 21755 | Lair:5   | Received a gift from Okawaru
 22032 | Lair:5   | Reached skill level 5 in Throwing
 22899 | Lair:5   | Identified the staff of poison "Zasamite" {rPois Str+2
                  | Int+2 Dex-4}
 24329 | D:13     | Found a gate to the Vaults.
 25121 | D:14     | Reached XP level 15. HP: 139/139 MP: 18/18
 25370 | D:14     | Reached skill level 15 in Shields
 25374 | D:14     | Reached skill level 15 in Fighting
 25374 | D:14     | Reached skill level 15 in Armour
 25767 | D:14     | Noticed Kirke
 25781 | D:14     | HP: 4/141 [manticore[Kirke] (9)]
 25781 | D:14     | Slain by a manticore

Illustrated notes

Levels and vault maps discovered:
D:1:      heliophobic_arrival_ceremonial_halls, layout_loops_corners
D:2:      layout_rooms, ebering_ecumenical_altar_hall
D:3:      layout_basic, minmay_misc_feat_plants
D:4:      layout_loops_ring
D:5:      layout_loops_ring, mainiacjoe_overflow_catch_the_wave,
          portal_sewer_entry_a
D:6:      layout_loops_ring, lemuel_temple_firewalk_b, serial_bayou_pond_d
D:7:      layout_rooms, serial_shops, nicolae_stop_n_shop_2,
          minmay_misc_feat_columns, minivault_24, dk_noncrumbling_4,
          nicolae_concentric_dashed_squares_mild
D:8:      layout_layer_cave, enter_bailey_4, serial_bayou_crossing, uniq_psyche,
          uniq_pikel, uniq_joseph
D:9:      layout_loops_ring, kennysheep_windowed_goal
D:10:     minmay_the_grid_octo_2x2 [minmay_the_grid_octo_checkered,
          minmay_the_grid_octo_teeth, minmay_the_grid_octo_odd_swirl,
          minmay_the_grid_octo_prize_square_snowflake], layout_layer_cave,
          jmf_multi_god_temple, serial_ice, serial_ice_a, serial_ice_h,
          serial_ice_d, serial_ice_m, hangedman_feature_mirror,
          minmay_joined_circles
D:11:     layout_stronghold, david_lair_shrubbed,
          kennysheep_orc_monster_closet_entryway, serial_shops, shop, shop,
          nrook_guardian_serpent_double
D:12:     layout_basic, kennysheep_flooded_box
D:13:     layout_long_grid, erik_vaults_1
D:14:     kennysheep_cluttered_fort, layout_irregular_city, uniq_kirke
Temple:   eino_narrow_crystal_temple
Lair:1:   layout_long_grid, grunt_forest_large_clearings, grunt_megastairs_3,
          uniq_amaemon
Lair:2:   layout_roguey, minmay_swamp_entry_worms
Lair:3:   layout_regular_city, guppyfry_snake_entry_garden,
          pdpol_lair_neglected_garden, lemuel_fruit_tree
Lair:4:   layout_loops_ring, gammafunk_ghost_icy, grunt_megastairs_5
Lair:5:   grunt_lair_end_beastmaster, layout_regular_city, slime_entry_1,
          nicolae_volcano_entry_lava_flow, dreamdust_mushroom_princess,
          infiniplex_staircase_pool_2

Skill      XL: |  1  2  3  4  5  6  7  8  9 10 11 12 13 14 15 |
---------------+----------------------------------------------+-----
Axes           | 3 4 5 6 7 9 10 12 14 16 17 18 | 18.0
Armour         | 4 5 6 7 8 9 10 12 13 14 15 | 15.0
Shields        | 4 5 6 7 8 9 10 12 13 14 15 | 15.1
Fighting       | 4 5 6 7 8 9 10 12 13 14 15 | 15.0
Invocations    | 2 4 5 6 |  6.4
Throwing       | 2 5 |  5.0

Action                     |  1- 3 |  4- 6 |  7- 9 | 10-12 | 13-15 || total
---------------------------+-------+-------+-------+-------+-------++-------
  Melee: War axe           |    83 |   107 |   232 |       |       ||   422
         Headbutt          |    12 |    15 |    59 |   140 |   200 ||   426
         Broad axe         |       |       |    82 |   599 |   833 ||  1514
         Unarmed           |       |       |       |     1 |     1 ||     2
  Throw: Dart              |       |       |       |    15 |       ||    15
         Javelin           |       |       |       |       |    27 ||    27
 Invoke: Heroism           |       |       |     1 |     8 |    13 ||    22
    Use: Scroll            |     2 |    10 |     5 |    12 |     7 ||    36
         Potion            |       |     1 |     1 |       |       ||     2
 Armour: Scale mail        |    32 |    51 |    27 |       |       ||   110
         Chain mail        |       |       |    39 |       |       ||    39
         Plate armour      |       |       |   110 |   299 |   515 ||   924
  Dodge: Dodged            |    43 |    56 |   163 |   146 |   216 ||   624
  Block: Buckler           |    14 |    26 |   201 |   351 |   375 ||   967
         Reflection        |       |       |     3 |    16 |    15 ||    34
         Tower shield      |       |       |       |       |   201 ||   201
         Other             |       |       |       |       |     1 ||     1
